 Dungeon Crawl Stone Soup version 0.29.1-13-g9f3cf754e1 (webtiles) character file.

Game seed: 802895264502301278

28 protoss039 the Digger (level 2, 19/21 HPs)
             Began as a Demonspawn Earth Elementalist on Feb 8, 2023.
             Got out of the dungeon alive.
             The game lasted 00:02:06 (1551 turns).

protoss039 the Digger (DsEE)                        Turns: 1551, Time: 00:02:06

Health: 19/21      AC:  2    Str:  8    XL:     2   Next: 96%
Magic:  14/14      EV: 12    Int: 16    God:
Gold:   51         SH:  0    Dex: 13    Spells: 4/5 levels left

rFire   . . .      SeeInvis .   c - +0 dagger
rCold   . . .      Faith    .   (no shield)
rNeg    . . .      Spirit   .   a - +0 robe
rPois   .          Reflect  .   (no helmet)
rElec   .          Harm     .   (no cloak)
rCorr   .          Rampage  .   (no gloves)
Will    .....                   (no boots)
Stlth   ++........              (no amulet)
HPRegen 0.07/turn               d - ring of magical power
MPRegen 0.14/turn               (no ring)

@: no status effects
A: demonic guardian 1
a: no special abilities


You escaped.
You visited 1 branch of the dungeon, and saw 2 of its levels.

You collected 51 gold pieces.

Inventory:

Hand Weapons
 c - a +0 dagger (weapon)
Armour
 a - a +0 robe (worn)
Jewellery
 d - a ring of magical power (left hand)
Scrolls
 e - 4 scrolls of identify {unknown}
 h - a scroll of blinking {unknown}
 i - a scroll of noise {unknown}
Potions
 b - a potion of magic
 f - a potion of heal wounds {unknown}
 g - a potion of curing {unknown}


   Skills:
 + Level 1.0 Fighting
 - Level 2.0 Dodging
 - Level 2.0 Stealth
 + Level 2.4 Spellcasting
 - Level 1.0 Transmutations
 + Level 3.0 Earth Magic


You had 4 spell levels left.
You knew the following spells:

 Your Spells              Type           Power      Damage    Failure   Level
a - Sandblast             Erth           22%        2d7       6%          1

Your spell library contained the following spells:

 Spells                   Type           Power      Damage    Failure   Level
 Beastly Appendage        Tmut           10%        N/A       13%         1
 Passwall                 Tmut/Erth      6%         N/A       13%         2
 Wereblood                Tmut           5%         N/A       21%         2
 Blink                    Tloc           2%         N/A       30%         2
 Stone Arrow              Conj/Erth      12%        3d7       32%         3
 Spider Form              Tmut/Pois      3%         N/A       43%         3
 Lesser Beckoning         Tloc           1%         N/A       52%         3
 Petrify                  Tmut/Erth      8%         N/A       65%         4
 Manifold Assault         Tloc           1%         N/A       99%         5


Dungeon Overview and Level Annotations

Branches:
Dungeon (2/15) Zot: 10447

Altars:
Vehumet


Innate Abilities, Weirdness & Mutations

A weak demonic guardian rushes to your aid.


Message History

You are too injured to fight recklessly!
You are too injured to fight recklessly!
Casting: Sandblast (safe; 6% risk of failure)
Confirm with . or Enter, or press ? or * to list all spells.
Aiming: Sandblast (safe; 6% risk of failure)
Press: ? - help, Shift-Dir - straight line, f - jackal
Aim: a jackal (almost dead, ally target, 77% to hit)
The blast of sand hits the jackal!
You kill the jackal!
Your quasit disappears in a puff of smoke!
Your Fighting skill increases to level 1!
Unknown command.
There is an open door here.
You see here 5 stones.
There is an open door here.
There is an open door here.
There is a stone staircase leading up here.
You climb upwards.
There is a stone staircase leading down here.
Unknown command.
You can't go up here!
The helpless kobold fails to defend itself.
You puncture the kobold!
You kill the kobold!
No target in view!
No target in view!
No target in view!
No target in view!
No target in view!
No target in view!
No target in view!
No target in view!
No target in view!
Unknown command.
There is a stone staircase leading down here.
There is a staircase leading out of the dungeon here.
Are you sure you want to leave the Dungeon?
This will make you lose the game!
Alright, then stay!
Are you sure you want to leave the Dungeon?
This will make you lose the game!
You have escaped!

# #.######...###########.#.. #
#.............# #.#.# #
#######.####### #.#.# # #..#
##.# #.#.# # #..# #.##
#######.... # #..#
##.#######.........# # ##.#
#.###.#.#...#.###..# # #.#
##.#.#.#.##.#.# #..# #
######.######@#######.#.# #..# #
#......#.#.#.#.## #.#.# #..# #
#.####..#.#.###.# #.#.###..# #.#
#.#######.## #.#...#..# #.# #.#
##.# ##.##.....# ####># #.# #.##
#..[..#...# ..##.# #.########.#
#..##....## #.##.##
####.##.#..#########.#.#
#.##..######...................#


There were no monsters in sight!

Vanquished Creatures
  4 bats
  An endoplasm (D:1)
  A giant cockroach (D:1)
  2 hobgoblins (D:1)
  3 jackals (D:2)
  2 quokkas (D:1)
  A ball python (D:1)
  2 frilled lizards
  5 kobolds (D:1)
  3 rats
24 creatures vanquished.

Vanquished Creatures (collateral kills)
  A jackal (D:2)
1 creature vanquished.

Grand Total: 25 creatures vanquished

Notes
Turn   | Place    | Note
-------+----------+-------------------------------------------
     0 | D:1      | protoss039 the Demonspawn Earth Elementalist began the
                  | quest for the Orb.
     0 | D:1      | Reached XP level 1. HP: 13/13 MP: 3/3
   102 | D:1      | Reached skill level 1 in Transmutations
   438 | D:1      | Gained mutation: A weak demonic guardian rushes to your
                  | aid. [demonic ancestry]
   438 | D:1      | Reached XP level 2. HP: 19/19 MP: 5/5
  1360 | D:2      | Found a radiant altar of Vehumet.
  1369 | D:2      | Found a faded altar of an unknown god.
  1399 | D:2      | Reached skill level 3 in Earth Magic
  1418 | D:2      | Reached skill level 1 in Fighting
  1551 | D:$      | Got out of the dungeon alive.

Illustrated notes

Levels and vault maps discovered:
D:1:      reono_arrival_mine, layout_loops_ring, nicolae_titane
D:2:      layout_basic, hellmonk_ecumenical_altar_run_dry, basic_altar

Skill      XL: |  1  2 |
---------------+-------+-----
Transmutations | 1 |  1.0
Dodging        | 2 |  2.0
Stealth        | 2 |  2.0
Earth Magic    | 3 |  3.0
Fighting       | 1 |  1.0
Spellcasting   | |  2.4

Action                   || total
-------------------------++-------
Melee: Dagger            ||    90
       Punch             ||     2
 Cast: Sandblast         ||     5
 Stab: Sleeping          ||     6
Armor: Robe              ||    20
Dodge: Dodged            ||    67
